 Dungeon Crawl Stone Soup version 0.31-a0-182-gc5ef74bbde (webtiles) character file.

Game seed: 13033917754122489038

158 lunkers the Chopper (level 6, -10/51 HPs)
             Began as a Meteoran Fighter on June 20, 2023.
             Was a Follower of Kikubaaqudgha.
             Mangled by an ogre
             ... wielding a +0 giant spiked club
              (13 damage)
             ... on level 4 of the Dungeon on June 21, 2023.
             The game lasted 00:06:06 (1335 turns).

lunkers the Chopper (Meteoran Fighter)              Turns: 1335, Time: 00:06:06

Health: -10/51     AC:  9    Str: 21    XL:     6   Next: 0%
Magic:  7/7        EV:  7    Int:  9    God:    Kikubaaqudgha [*.....]
Gold:   67         SH:  5    Dex: 13    Spells: 5/5 levels left

rFire   . . .        a - +0 war axe
rCold   . . .        c - +0 buckler
rNeg    . . .        h - +0 chain mail
rPois   .            (no helmet)
rElec   .            (no cloak)
rCorr   .            (no gloves)
SInv    .            (no boots)
Will    .....        (no amulet) Stlth
                     (no ring)
HPRegen 0.28/turn    (no ring)
MPRegen 0.10/turn

%: no passive effects
@: glowing
A: sense surroundings 1, otherworldly, glowing, explore regen
a: Renounce Religion, Unearth Wretches


You were on level 4 of the Dungeon.
You worshipped Kikubaaqudgha.
Kikubaaqudgha was aware of your devotion.
You visited 1 branch of the dungeon, and saw 4 of its levels.

You collected 67 gold pieces.

Inventory:

Hand Weapons
 a - a +0 war axe (weapon)
Armour
 b - a +0 scale mail
 c - a +0 buckler (worn)
 h - a +0 chain mail (worn)
Scrolls
 f - a scroll of identify {unknown}
 g - a scroll of teleportation {unknown}
 j - a scroll of brand weapon {unknown}
 k - a scroll of amnesia {unknown}
Potions
 d - a potion of heal wounds {unknown}
 e - a potion of lignification {unknown}
 i - 2 potions of berserk rage {unknown}


   Skills:
 - Level 3.2 Fighting
 + Level 6.5 Axes
 - Level 3.6 Armour
 - Level 3.6 Shields


You had 5 spell levels left.
You didn't know any spells.
Your spell library contained the following spells:

 Spells                   Type           Power      Damage    Failure   Level
 Kiss of Death            Conj/Necr      0%         2d5       98%         1
 Necrotise                Necr           0%         1d4       98%         1
 Cigotuvi's Dreadful Rot  Necr/Pois/Air  0%         N/A       99%         2
 Sublimation of Blood     Necr           0%         N/A       99%         2
 Ignite Poison            Fire/Tmut/Pois 0%         N/A       100%        3
 Freezing Cloud           Conj/Ice/Air   0%         6-21      100%        5
 Summon Forest            Summ/Tloc      0%         N/A       100%        5
 Summon Mana Viper        Hex/Summ       0%         N/A       100%        5
 Summon Cactus Giant      Summ           0%         N/A       100%        6


Dungeon Overview and Level Annotations

Branches:
Dungeon (4/15) Zot: 1013
 Temple: D:4-7

Altars:
Dithmenos
Kikubaaqudgha
Makhleb


Innate Abilities, Weirdness & Mutations

You passively map a small area around you.
You are easily found by Zot.
You glow in the dark.
You regain HP and MP as you explore.


Message History

You slash the jackal!
You kill the jackal!
Kikubaaqudgha accepts your kill.
You hit the ogre but do no damage. You closely miss the hobgoblin.
You barely miss the jackal. You block the jackal's attack.
The hobgoblin hits you but does no damage.
The jackal bites you but does no damage.
You slash the giant cockroach!
You kill the giant cockroach!
Kikubaaqudgha accepts your kill.
You slash the hobgoblin!
You kill the hobgoblin!
Kikubaaqudgha accepts your kill.
You hit the jackal. You closely miss the ogre.
The ogre hits you with a +0 giant spiked club!!
Ouch! That really hurt!
* * * LOW HITPOINT WARNING * * *
The jackal bites you but does no damage.
You have reached level 6!
You feel stronger.
You barely miss the ogre. You miss the jackal.
The jackal bites you but does no damage.
The ogre hits you with a +0 giant spiked club!
* * * LOW HITPOINT WARNING * * *
The jackal bites you but does no damage.
You hit the ogre.
The ogre is lightly wounded.
You closely miss the jackal.
The jackal bites you but does no damage.
The ogre hits you with a +0 giant spiked club!
* * * LOW HITPOINT WARNING * * *
The jackal bites you but does no damage.
You closely miss the ogre.
The ogre is lightly wounded.
You slash the jackal!
You kill the jackal!
Kikubaaqudgha accepts your kill.
The ogre hits you with a +0 giant spiked club!
You die...
Kikubaaqudgha rasps: "You have failed me!
Welcome... death!"

, , * ....... , ,
.......## *
........## ,
.........# ,
.........## ,
,..........# , ,
......O†..## *
,......†@...##
...<........# ,
.............##
#.................#
#.................#
#.................#
*
#................#
,
#...............##
* #...............#
,


You could see an ogre.

Vanquished Creatures
  A hound (D:4)
  3 gnolls (D:2)
  4 adders
  A worm (D:2)
  4 orcs (D:3)
  5 endoplasms
  4 giant cockroaches
  6 goblins
  4 hobgoblins
  4 jackals (D:4)
  4 ball pythons
  6 bats
  3 frilled lizards (D:3)
  4 kobolds
  7 rats
60 creatures vanquished.

Notes
Turn   | Place    | Note
-------+----------+-------------------------------------------
     0 | D:1      | lunkers the Meteoran Fighter began the quest for the Orb.
     0 | D:1      | Reached XP level 1. HP: 19/19 MP: 2/2
   132 | D:1      | Reached skill level 3 in Axes
   132 | D:1      | Reached XP level 2. HP: 25/26 MP: 3/3
   332 | D:1      | Reached XP level 3. HP: 31/31 MP: 4/4
   481 | D:1      | Glimpsed the power of Zot.
   531 | D:1      | Glimpsed the power of Zot.
   579 | D:2      | Reached skill level 4 in Axes
   775 | D:2      | Reached XP level 4. HP: 10/38 MP: 5/5
   777 | D:2      | Reached skill level 5 in Axes
   967 | D:3      | Found a burning altar of Makhleb.
   967 | D:3      | Noticed an Executioner
  1095 | D:3      | Reached XP level 5. HP: 33/45 MP: 6/6
  1172 | D:3      | Found a shadowy altar of Dithmenos.
  1203 | D:3      | Reached skill level 6 in Axes
  1203 | D:3      | Found a faded altar of an unknown god.
  1215 | D:3      | Prayed at the altar of an unknown god.
  1215 | D:3      | Became a worshipper of Kikubaaqudgha
  1215 | D:3      | Reached * piety under Kikubaaqudgha
  1215 | D:3      | Received a gift from Kikubaaqudgha
  1325 | D:4      | Noticed an ogre
  1333 | D:4      | Reached XP level 6. HP: 21/51 MP: 7/7
  1335 | D:4      | Mangled by an ogre

Illustrated notes

Levels and vault maps discovered:
D:1:      lemuel_arrival_river_bridge, layout_basic, minmay_tetromino_i2
D:2:      layout_loops_cross, serial_aquarium, aquarium_bridge_island_small
          [aquarium_subvault_small_open, aquarium_subvault_bridge,
          aquarium_subvault_bridge, aquarium_subvault_bridge,
          aquarium_subvault_window], aquarium_bridge_square
          [aquarium_subvault_wall, aquarium_subvault_wall,
          aquarium_subvault_bridge, aquarium_subvault_bridge],
          aquarium_window_fake, aquarium_window_1, aquarium_window_corridor_3,
          aquarium_view_2d, aquarium_view_2d, aquarium_pool_split
D:3:      layout_rooms, overflow_temple_1_default, makhleb_altar_promises_db,
          shapermc_ecumenical_altar_starsandcircs
D:4:      layout_cave_pods, minmay_temple_entry_waves, gammafunk_ghost_cemetery,
          moated_statue, nicolae_shop_dragon_depot, amcnicky_mini_pool_small,
          uniq_robin, uniq_sigmund, uniq_duvessa

Skill      XL: |  1  2  3  4  5 |
---------------+----------------+-----
Axes           | 3 4 5 6 |  6.5
Fighting       | |  3.2
Armour         | |  3.6
Shields        | |  3.6

Action                     |  1- 3 |  4- 6 || total
---------------------------+-------+-------++-------
  Melee: War axe           |    64 |    96 ||   160
    Use: Potion            |     1 |       ||     1
 Armour: Scale mail        |    33 |       ||    33
         Chain mail        |    16 |    82 ||    98
  Dodge: Dodged            |    38 |    22 ||    60
  Block: Buckler           |    26 |    29 ||    55

Table legend: (Time is in decaauts)
 A = Elapsed time spent in this place.
 B = Non-inter-level travel time spent in this place.
 C = Inter-level travel time spent in this place.
 D = Time resting spent in this place.
 E = Time spent auto-exploring this place.
 F = Levels seen in this place.
 G = Mean time per level.
                   A        B        C        D        E       F      G
               +--------+--------+--------+--------+--------+-----+--------+
         Total |   1385 |   1247 |    138 |      0 |    701 |   4 |  346.2 |
       Dungeon |   1385 |   1247 |    138 |      0 |    701 |   4 |  346.2 |
               +--------+--------+--------+--------+--------+-----+--------+

Top non-repeatable levels by time:
     D:1: 597 daAuts
     D:3: 391 daAuts
     D:2: 347 daAuts
     D:4: 48 daAuts
